 Dungeon Crawl Stone Soup version 0.26.0-10-g1f06aea511 (webtiles) character file.

Game seed: 15142843891668233392

121 Borgoz the Slasher (level 5, -1/45 HPs)
             Began as a Ghoul Gladiator on Jan 30, 2021.
             Slain by an orc wizard
             ... wielding a +2 dagger of venom
              (2 damage)
             ... on level 4 of the Dungeon.
             The game lasted 00:01:15 (1278 turns).

Borgoz the Slasher (Ghoul Gladiator)                Turns: 1278, Time: 00:01:15

Health: -1/45      AC:  4    Str: 18    XL:     5   Next: 5%
Magic:  4/4        EV: 12    Int:  3    God:
Gold:   68         SH:  0    Dex: 11    Spells: 4/4 levels left

rFire    . . .     SeeInvis .   a - +0 long sword
rCold    + . .     Faith    .   (no shield)
rNeg     + + +     Spirit   .   b - +0 leather armour
rPois    ∞         Reflect  .   c - +0 helmet
rElec    .         Harm     .   (no cloak)
rCorr    .         Rampage  .   (no gloves)
Will     .....                  (no boots)
Stlth    +.........             (no amulet)
HPRegen  0.00/turn              (no ring)
MPRegen  0.09/turn              (no ring)

@: brilliant
A: claws 1, cold resistance 1, negative energy resistance 3, inhibited
regeneration, torment resistance, unbreathing
a: no special abilities


You were on level 4 of the Dungeon.
You visited 1 branch of the dungeon, and saw 3 of its levels.

You collected 68 gold pieces.

Inventory:

Hand Weapons
 a - a +0 long sword (weapon)
Armour
 b - a +0 leather armour (worn)
 c - a +0 helmet (worn)
Scrolls
 e - a scroll of remove curse {unknown}
 h - 2 scrolls of identify {unknown}
 j - a scroll of amnesia {unknown}
Potions
 g - a potion of might {unknown}


   Skills:
 + Level 3.1 Fighting
 * Level 3.8 Long Blades
 - Level 1.7 Throwing
 + Level 1.5 Armour
 + Level 3.3 Dodging


You had 4 spell levels left.
You didn't know any spells.
Your spell library was empty.

Dungeon Overview and Level Annotations

Branches:
Dungeon (2/15)             Temple (0/1) D:4

Altars:


Innate Abilities, Weirdness & Mutations

You thrive by killing the living.
You are immune to poison.
You have sharp fingernails.
Your flesh is cold resistant. (rC+)
You are immune to negative energy. (rN+++)
You do not regenerate when monsters are visible.
You are immune to unholy pain and torment.
You can survive without breathing.


Message History

The throwing net barely misses the orc wizard.
The orc wizard hits you with a +2 dagger of venom.
* * * LOW HITPOINT WARNING * * *
An orc priest comes into view. It is wielding a +0 club.
Okay, then.
As you read the scroll labelled CYRALU FEAROH, it crumbles to dust.
You feel aware of your surroundings.
It was a scroll of magic mapping.
The orc wizard points at you and mumbles some strange words.
The magic dart hits you.
* * * LOW HITPOINT WARNING * * *
The orc priest invokes the aid of Beogh against you.
Beogh smites you!
* * * LOW HITPOINT WARNING * * *
It was a potion of brilliance.
You feel clever all of a sudden. The orc wizard completely misses you.
You riposte.
You hit the orc wizard.
The orc wizard is moderately wounded.
It was a potion of lignification.
You feel woody for a moment.
The orc wizard hits you with a +2 dagger of venom.
You die...

*,,,####......##.....#,,,,,
*,,.#..##......#..!...,>,,,
*****,,.....#...........#,,,,,,
*,,,,,,.<..............##*,,,,,
*,,,,,,*#...............#,,,,,,
**,,,,,.#..............##,,,,,*
***,****.......†.#.o.......,,,,*
*,*** *,*#####..o.###.....#,**,,
**,,****,**≈≈*##@###*#...#.#***,,
,,,,**,,,'≈**#♣≈≈♣*##.......***,,
**,,,,,,,#≈*#♣≈♣♣≈#.......o#*,*,,
*,,,,,,**♣≈♣≈♣#*≈#.........,,,,,
**,,,,,***♣≈≈≈♣#♣#.........,,,,,
*,*,,**≈*#♣≈♣≈♣##.......,,,,,,,
***#,,*≈*♣≈♣#♣≈#........,,,,,,,
####.,**≈≈♣**♣P'........,,,,,,,
#.....##+##♣≈≈##........*,,,,,,


You could see an orc priest and an orc wizard.

Vanquished Creatures
  A howler monkey (D:4)
  A hound skeleton (D:4)
  4 gnolls
  A worm (D:2)
  2 dart slugs (D:1)
  A leopard gecko (D:2)
  A bat (D:1)
  A giant cockroach (D:1)
  3 goblins (D:1)
  3 hobgoblins (D:1)
  3 kobolds (D:1)
  A frilled lizard (D:1)
  A rat (D:1)
23 creatures vanquished.

Notes
Turn   | Place    | Note
-------+----------+-------------------------------------------
     0 | D:1      | Borgoz the Ghoul Gladiator began the quest for the Orb.
     0 | D:1      | Reached XP level 1. HP: 17/17 MP: 0/0
    22 | D:1      | Reached XP level 2. HP: 4/25 MP: 1/1
   432 | D:1      | Reached XP level 3. HP: 30/30 MP: 2/2
   978 | D:2      | Reached skill level 1 in Armour
   996 | D:2      | Reached XP level 4. HP: 20/37 MP: 3/3
  1204 | D:2      | You fall into a shaft and drop 2 floors!
  1257 | D:4      | Reached XP level 5. HP: 26/45 MP: 4/4
  1276 | D:4      | HP: 1/45 [orc priest/divine providence (8)]
  1278 | D:4      | Slain by an orc wizard

Illustrated notes

Levels and vault maps discovered:
D:1:      dpeg_arrival_arbitrary_b, layout_basic, minmay_misc_feat_roman,
          minmay_liquid_box
D:2:      wander_river, layout_loops_ring, nicolae_qazlal_eye_of_the_storm
D:4:      layout_cave_pools, minmay_temple_entry_statues_pillars, serial_glass,
          glass_columns_b, glass_columns_c, glass_columns_a, saegor_snake_ambush

Skill      XL: |  1  2  3  4 |
---------------+-------------+-----
Long Blades    | 3 |  3.8
Dodging        | 3 |  3.3
Armour         | 1 |  1.5
Fighting       | 3 |  3.1
Throwing       | |  1.7

Action                   |  1- 3 |  4- 6 || total
-------------------------+-------+-------++-------
Melee: Long sword        |    72 |    19 ||    91
Throw: Throwing net      |     2 |     3 ||     5
  Use: Potion            |       |     2 ||     2
       Scroll            |       |     1 ||     1
Armor: Leather armour    |    13 |     2 ||    15
Dodge: Dodged            |    50 |    12 ||    62
       Rpst.: Long sword |    18 |     4 ||    22
